 Dungeon Crawl Stone Soup version 0.29.0-11-gd7f09526c8 (webtiles) character file.

Game seed: 7979275145739604861

3695 quinnr the Devastator (level 10, -3/53 HPs)
             Began as a Tengu Conjurer on Sept 3, 2022.
             Was a Follower of Vehumet.
             Slain by a two-headed ogre
             ... wielding a +0 giant spiked club
              (31 damage)
             ... on level 9 of the Dungeon.
             The game lasted 00:21:01 (12194 turns).

quinnr the Devastator (Tengu Conjurer)             Turns: 12194, Time: 00:21:02

Health: -3/53      AC:  5    Str:  7    XL:     10   Next: 13%
Magic:  2/20       EV: 24    Int: 23    God:    Vehumet [*.....]
Gold:   670        SH:  0    Dex: 13    Spells: 15/21 levels left

rFire   . . .      SeeInvis .   D - staff of conjuration {!a}
rCold   . . .      Faith    .   (no shield)
rNeg    . . .      Spirit   .   H - +2 robe {Will+}
rPois   .          Reflect  .   (helmet restricted)
rElec   .          Harm     .   (no cloak)
rCorr   .          Rampage  .   h - +0 pair of gloves
Will    +....                   (boots unavailable)
Stlth   ++........              (no amulet)
HPRegen 0.17/turn               E - +4 ring of evasion
MPRegen 0.17/turn               e - +4 ring of evasion

@: flying quickly and evasively, quick
A: beak, talons 3, nimble flight
a: Renounce Religion


You were on level 9 of the Dungeon.
You worshipped Vehumet.
Vehumet was aware of your devotion.
You visited 2 branches of the dungeon, and saw 10 of its levels.

You collected 670 gold pieces.


Innate Abilities, Weirdness & Mutations

You have a beak for a mouth.
You have claws for feet.
Your magical nature lets you fly swiftly and evasively.


   Skills:
 - Level 2.0 Fighting
 + Level 5.6 Dodging
 - Level 2.0 Stealth
 - Level 6.0 Spellcasting
 - Level 15.7 Conjurations


You had 15 spell levels left.
You knew the following spells:

 Your Spells              Type           Power      Damage    Failure   Level
m - Magic Dart            Conj           100%       1d8       0%          1
s - Searing Ray           Conj           100%       2d8       1%          2
w - Stone Arrow           Conj/Erth      100%       3d13      1%          3

Your spell library contained the following spells:

 Spells                   Type           Power      Damage    Failure   Level
 Shock                    Conj/Air       100%       1d9       1%          1
 Dazzling Flash           Conj/Hex       100%       N/A       1%          3
 Mephitic Cloud           Conj/Pois/Air  46%        N/A       3%          3
 Fulminant Prism          Conj/Hex       29%        3d14      3%          4
 Iskenderun's Mystic Bla  Conj/Tloc      59%        2d12      3%          4
 Beastly Appendage        Tmut           12%        N/A       9%          1
 Lightning Bolt           Conj/Air       29%        1d46      10%         5
 Call Imp                 Summ           6%         N/A       13%         2
 Wereblood                Tmut           6%         N/A       13%         2
 Gell's Gravitas          Tloc           6%         N/A       26%         3
 Ozocubu's Armour         Ice            6%         N/A       26%         3
 Spider Form              Tmut/Pois      6%         N/A       26%         3
 Teleport Other           Tloc           6%         N/A       26%         3
 Airstrike                Air            3%         2d(1-17)  63%         4
 Animate Armour           Summ/Erth      12%        N/A       63%         4
 Summon Lightning Spire   Summ/Air       6%         N/A       63%         4
 Metabolic Englaciation   Hex/Ice        3%         N/A       93%         5
 Dispersal                Tloc           3%         N/A       100%        6
 Simulacrum               Ice/Necr       3%         N/A       100%        6
 Lehudib's Crystal Spear  Conj/Erth      29%        10d8      100%        8

Inventory:

Hand Weapons
 m - a +1 dagger of venom
Missiles
 F - 4 poisoned darts
Armour
 a - a +0 robe
 h - a +0 pair of gloves (worn)
 H - a +2 robe of willpower (worn)
Magical Staves
 D - a staff of conjuration (weapon) {!a}
 G - a staff of cold {!a}
Jewellery
 e - a +4 ring of evasion (right hand)
 C - a ring of ice
 E - a +4 ring of evasion (left hand)
 W - a ring of willpower
Wands
 r - a wand of flame (2)
Scrolls
 c - 3 scrolls of summoning {unknown}
 f - 3 scrolls of fog {unknown}
 g - 2 scrolls of immolation
 j - 8 scrolls of identify {unknown}
 n - a scroll of blinking {unknown}
 s - a scroll of fear {unknown}
 t - a scroll of poison {unknown}
 w - a scroll of torment {unknown}
 x - a scroll of silence {unknown}
 y - a scroll of magic mapping {unknown}
 I - a scroll of teleportation {unknown}
Potions
 b - 3 potions of flight {unknown}
 d - a potion of degeneration {unknown}
 i - a potion of haste {unknown}
 k - a potion of curing {@q1}
 l - a potion of lignification {unknown}
 o - 2 potions of heal wounds {unknown}
 p - a potion of brilliance {unknown}
 q - a potion of attraction {unknown}
 u - 2 potions of resistance {unknown}
 v - 2 potions of might {unknown}
 z - a potion of magic
 A - a potion of mutation {unknown}
 B - 2 potions of ambrosia {unknown}

Dungeon Overview and Level Annotations

Branches:
Dungeon (9/15)             Temple (1/1) D:5            Lair (0/5) D:8
    Orc (0/2) D:9

Altars:
Ashenzari
Cheibriados
Dithmenos
Fedhas
Gozag
Hepliaklqana
Kikubaaqudgha
Makhleb
Nemelex Xobeh
Okawaru
Qazlal
Ru
Sif Muna
Trog
Uskayaw
Vehumet
Wu Jian
Xom
Yredelemnul
Zin
The Shining One

Shops:
D:6 =

Annotations:
D:6 digshop
D:9 Grum

▒$▒.▒......###♣.♣ ▒▒
▒▒▒▒).........P.♣♣ P .#
###.........PP♣♣.♣♣ .#
#........~~P..P.. .#
#........~~..♣♣♣ .#
#................ .##
########..)..........>..
...
...........Ol...........
...
..........@.............
###
######..############.###
#.)########### .#
############..[..........
.
.........................
.........................
.........................
.........................
.........................


You could see a two-headed ogre and a wyvern.


Message History

A two-headed ogre comes into view.
It is wielding two +0 giant spiked clubs.
The wyvern barely misses you.
Casting: Stone Arrow (safe; 1% risk of failure)
Confirm with . or Enter, or press ? or * to list all spells.
Aiming: Stone Arrow (safe; 1% risk of failure)
Press: ? - help, Shift-Dir - straight line, f/p - wyvern
Aim: a wyvern (heavily wounded, 78% to hit)
You feel a surge of power!
The stone arrow misses the wyvern.
The wyvern completely misses you.
Your magical contamination has completely faded away.
Unknown command.
Really attack while wielding your staff of conjuration {!a}?
Okay, then.
Okay, then.
The wyvern attacks as you move away! The wyvern completely misses you.
Found an escape hatch in the floor.
The wyvern completely misses you. The wyvern bites you. The wyvern bites you!
The wyvern closely misses you.
Aiming: Throw Flame
Press: ? - help, Shift-Dir - straight line, f/p - wyvern
Aim: a wyvern (heavily wounded, 68% to hit)
The puff of flame hits the wyvern.
The wyvern is heavily wounded.
The wyvern closely misses you. The wyvern misses you.
Unknown command.
The wyvern completely misses you. The two-headed ogre closely misses you.
The two-headed ogre hits you with a +0 giant spiked club!!
Ouch! That really hurt!
You die...

Skill      XL: |  1  2  3  4  5  6  7  8  9 10 |
---------------+-------------------------------+-----
Conjurations   | 6 7 9 10 12 14 15 | 15.7
Spellcasting   | 3 4 6 |  6.0
Fighting       | 2 |  2.0
Dodging        | 4 5 |  5.6
Stealth        | |  2.0

Action                   |  1- 3 |  4- 6 |  7- 9 | 10-12 || total
-------------------------+-------+-------+-------+-------++-------
Melee: Dagger            |       |     1 |       |       ||     1
 Cast: Magic Dart        |    67 |    54 |   121 |       ||   242
       Searing Ray       |       |    13 |    41 |     3 ||    57
       Stone Arrow       |       |       |    19 |    10 ||    29
Evoke: Wand              |       |       |     2 |     1 ||     3
  Use: Potion            |       |     2 |       |       ||     2
Armor: Robe              |     1 |     3 |     3 |     1 ||     8
Dodge: Dodged            |     4 |    11 |    50 |    18 ||    83

Levels and vault maps discovered:
D:1:      heliophobic_arrival_enchanted_forest, layout_basic, minivault_19,
          st_stairs_2, chequers_big_river
D:2:      layout_basic
D:3:      layout_loops_ring, grunt_temple_overflow_forces_of_nature,
          grunt_gozag_breadcrumbs, uniq_robin
D:4:      layout_basic, minitemple, uniq_menkaure
D:5:      layout_basic, nicolae_ru_sacrificial_ziggurat,
          minmay_temple_entry_offerings, serial_bayou_crossing
D:6:      layout_basic, makhleb_altar_promises_db, serial_shops, shop_statue
D:7:      layout_loops_ring, worldfamousw_hep_ancestral_shrine,
          mainiacjoe_overflow_big_doors, ebering_ghost_inner_flame,
          solitary_fountain
D:8:      layout_loops_ring, zin_treasury, lair_entry_dummy,
          nicolae_figureground_sparkle
D:9:      minmay_imperfect_grid, layout_long_grid,
          nicolae_elyvilon_peaceful_grove,
          nicolae_uskayaw_murder_on_the_dancefloor, uniq_amaemon, uniq_grum,
          uniq_psyche
Temple:   nicolae_temple_two_arcs

Notes
Turn   | Place    | Note
-------+----------+-------------------------------------------
     0 | D:1      | quinnr the Tengu Conjurer began the quest for the Orb.
     0 | D:1      | Reached XP level 1. HP: 10/10 MP: 4/4
   141 | D:1      | Reached XP level 2. HP: 15/15 MP: 3/6
   178 | D:1      | Reached skill level 6 in Conjurations
   990 | D:1      | Reached XP level 3. HP: 19/19 MP: 3/7
  2036 | D:2      | Reached skill level 7 in Conjurations
  2285 | D:3      | Found a stormy altar of Qazlal.
  2300 | D:3      | Reached XP level 4. HP: 24/24 MP: 6/8
  2324 | D:3      | Found a blossoming altar of Fedhas.
  2405 | D:3      | Noticed Robin
  2433 | D:3      | Killed Robin
  2536 | D:3      | Learned a level 2 spell: Searing Ray
  2778 | D:3      | Gained mutation: Your magical nature lets you fly swiftly
                  | and evasively. [Tengu growth]
  2778 | D:3      | Reached XP level 5. HP: 20/28 MP: 5/10
  3259 | D:3      | Found an opulent altar of Gozag.
  3482 | D:4      | Noticed Menkaure
  3497 | D:4      | Killed Menkaure
  3498 | D:4      | Reached skill level 3 in Spellcasting
  3498 | D:4      | Reached skill level 9 in Conjurations
  3498 | D:4      | Reached XP level 6. HP: 26/32 MP: 6/11
  3905 | D:4      | Reached skill level 10 in Conjurations
  3905 | D:4      | Reached XP level 7. HP: 36/36 MP: 7/12
  4338 | D:4      | Found a basalt altar of Yredelemnul.
  4341 | D:4      | Found a bloodstained altar of Trog.
  4343 | D:4      | Found a snail-covered altar of Cheibriados.
  4347 | D:4      | Found a radiant altar of Vehumet.
  4352 | D:4      | Found an ornate altar of the Wu Jian Council.
  4509 | D:5      | Entered Level 5 of the Dungeon
  4593 | D:5      | Reached skill level 11 in Conjurations
  5015 | D:5      | Reached skill level 12 in Conjurations
  5015 | D:5      | Reached XP level 8. HP: 23/41 MP: 0/13
  5254 | D:5      | Found a sacrificial altar of Ru.
  5413 | D:4      | Became a worshipper of Vehumet
  5636 | D:5      | Found a staircase to the Ecumenical Temple.
  5646 | Temple   | Entered the Ecumenical Temple
  6195 | D:5      | Reached skill level 13 in Conjurations
  6362 | D:5      | Found a sacrificial altar of Ru.
  6626 | D:5      | Found a staircase to the Ecumenical Temple.
  7346 | D:6      | Learned a level 3 spell: Stone Arrow
  7602 | D:6      | Found Zuzxuys's Jewellery Boutique.
  7984 | D:6      | Found a burning altar of Makhleb.
  7984 | D:6      | Noticed a cacodemon
  7987 | D:6      | Noticed a ynoxinul
  7987 | D:6      | Noticed a ynoxinul
  8072 | D:7      | Reached skill level 14 in Conjurations
  8153 | D:7      | Reached * piety under Vehumet
  8153 | D:7      | Offered knowledge of Shock by Vehumet.
  8169 | D:6      | Reached skill level 4 in Spellcasting
  8169 | D:6      | Reached XP level 9. HP: 40/44 MP: 0/16
  8578 | D:7      | Found a runed translucent door.
  8578 | D:7      | Noticed Voxie's ghost (novice FeVM)
  8578 | D:7      | Noticed a troll
  8874 | D:7      | Reached skill level 5 in Spellcasting
  9442 | D:7      | Found a hazy altar of Hepliaklqana.
  9534 | D:7      | Found a shadowy altar of Dithmenos.
  9544 | D:7      | Found a glowing golden altar of the Shining One.
  9623 | D:7      | Killed Voxie's ghost
  9624 | D:7      | Reached skill level 15 in Conjurations
  9656 | D:7      | Killed a troll
  9994 | D:8      | Found a glowing silver altar of Zin.
 10346 | D:8      | Reached skill level 6 in Spellcasting
 10431 | D:8      | Found a staircase to the Lair.
 10961 | D:9      | Reached skill level 1 in Fighting
 11093 | D:9      | Found a staircase to the Orcish Mines.
 11342 | D:9      | Noticed Grum
 11452 | D:9      | Reached skill level 3 in Dodging
 11676 | D:9      | Found a hide-covered altar of Uskayaw.
 11690 | D:9      | Noticed Psyche
 11859 | D:9      | Killed Psyche
 11860 | D:9      | Reached skill level 2 in Fighting
 11860 | D:9      | Reached skill level 4 in Dodging
 11860 | D:9      | Reached XP level 10. HP: 48/53 MP: 16/20
 11977 | D:9      | Reached skill level 5 in Dodging
 12181 | D:9      | Noticed a two-headed ogre
 12194 | D:9      | Slain by a two-headed ogre

Vanquished Creatures
  Psyche (D:9)
  A troll (D:7)
  The ghost of Voxie the Stinger, a novice FeVM of Ashenzari (D:7)
  2 steam dragons
  Menkaure (D:4)
  A water moccasin (D:5)
  2 orc warriors (D:9)
  3 sky beasts (D:7)
  A black bear (D:8)
  4 centaurs
  A phantom (D:5)
  3 bullfrogs
  2 necrophages
  3 scorpions (D:5)
  3 wights
  3 howler monkeys
  2 jellies
  5 orc priests
  A hound (D:4)
  2 gnoll boudas
  2 iguanas (D:5)
  5 orc wizards
  Robin (D:3)
  15 gnolls
  5 adders
  2 shadow imps (D:7)
  3 white imps
  2 ufetubi
  3 dart slugs
  22 orcs
  7 ball pythons
  5 bats
  5 endoplasms
  3 giant cockroaches (D:1)
  12 hobgoblins
  5 jackals
  4 kobolds
  3 quokkas
  2 frilled lizards (D:1)
  10 goblins
  A rat (D:1)
159 creatures vanquished.

Vanquished Creatures (others)
  A fungus (D:3)
1 creature vanquished.

Grand Total: 160 creatures vanquished

Table legend: (Time is in decaauts)
 A = Elapsed time spent in this place.
 B = Non-inter-level travel time spent in this place.
 C = Inter-level travel time spent in this place.
 D = Time resting spent in this place.
 E = Time spent auto-exploring this place.
 F = Levels seen in this place.
 G = Mean time per level.
                   A        B        C        D        E       F      G
               +--------+--------+--------+--------+--------+-----+--------+
         Total |  11680 |  11342 |    338 |   1299 |   8792 |  10 | 1168.0 |
       Dungeon |  11593 |  11265 |    328 |   1299 |   8719 |   9 | 1288.1 |
        Temple |     87 |     77 |     10 |      0 |     72 |   1 |   87.0 |
               +--------+--------+--------+--------+--------+-----+--------+

Top non-repeatable levels by time:
     D:5: 2231 daAuts
     D:1: 1621 daAuts
     D:7: 1477 daAuts
     D:3: 1320 daAuts
     D:8: 1226 daAuts
     D:4: 1123 daAuts
     D:6: 1079 daAuts
     D:9: 974 daAuts
     D:2: 540 daAuts
  Temple: 87 daAuts

Table legend:
 A = Non-vault XP
 B = Vault XP
 C = Vault XP percentage of total XP
 D = Non-vault monster count
 E = Vault monster count
 F = Vault count percentage of total count
                 A         B        C        D         E       F
            +---------+---------+-------+---------+---------+-------
      Total |    3972 |    1307 |  24.8 |     142 |      17 |  10.7
            +---------+---------+-------+---------+---------+-------
        D:1 |      39 |       6 |  13.3 |      22 |       2 |   8.3
        D:2 |      18 |       0 |   0.0 |      10 |       0 |   0.0
        D:3 |     116 |      31 |  21.1 |      19 |      10 |  34.5
        D:4 |     391 |     175 |  30.9 |      21 |       1 |   4.5
        D:5 |     875 |       0 |   0.0 |      21 |       0 |   0.0
        D:6 |     469 |       0 |   0.0 |      11 |       0 |   0.0
        D:7 |    1043 |     562 |  35.0 |      15 |       2 |  11.8
        D:8 |     458 |       0 |   0.0 |      12 |       0 |   0.0
        D:9 |     563 |     533 |  48.6 |      11 |       2 |  15.4
            +---------+---------+-------+---------+---------+-------
